 Adventure DCSS version bcrawl-1.37.2 (webtiles) character file.

Game seed: 15754108882100997008

300547 Leeroy the Bludgeoner (level 10, 91/91 HPs)
             Began as an Ent Archaeologist on Jan 21, 2023.
             Was a Priest of Wu Jian.
             Quit the game on level 9 of the Dungeon on Jan 22, 2023.
             The game lasted 00:14:08 (8251 turns).

Leeroy the Bludgeoner (Ent Archaeologist)           Turns: 8251, Time: 00:14:09

Health: 91/91      AC: 21    Str: 23    XL:     10   Next: 24%
Magic:  1/1        EV:  9    Int: 14    God:    Wu Jian [***...]
Gold:   541        SH:  5    Dex:  3    Spells: 9/9 levels left
                                        Lives:  1   Deaths: 1

rFire    + . .     GDR:     25% f - +5 giant club of Income {crush, rPois rN+++ MP-9 Dex-5}
rCold    . . .     SeeInvis .   (shield currently unavailable)
rNeg     + + +     Gourm    .   (armour unavailable)
rPois    +         Faith    .   c - +1 hat
rElec    .         Spirit   .   r - +2 cloak
rCorr    .         Reflect  +   (gloves unavailable)
MR       +....                  (boots unavailable)
Stlth    ++........             h - +5 amulet of reflection (curse)
HPRegen  0.25/turn              v - ring of protection from fire
MPRegen  0.07/turn              (no ring)

@: very slow
A: large, slow actions, passwall, strong branches, negative energy resistance 3,
poison resistance, slow metabolism 1, torment resistance, unbreathing, AC +17
a: Passwall, Wall Jump, Serpent's Lash, Renounce Religion


You were on level 9 of the Dungeon.
You worshipped Wu Jian.
Wu Jian was most pleased with you.
You were not hungry.

You visited 2 branches of the dungeon, and saw 10 of its levels.

You collected 541 gold pieces.

Inventory:

Hand Weapons
 a - a +0 whip
 b - a +0 blowgun
 f - the +5 giant club of Income (weapon) {crush, rPois rN+++ MP-9 Dex-5}
   (You acquired it on level 3 of the Dungeon)

   It will always inflict at least some extra damage.
   This minimum extra damage increases with your current reserve of magical
   power.
   It affects your dexterity (-5).
   It protects you from poison.
   It renders you almost immune to negative energy.
   It affects your magic capacity (-9).
 k - the +10 mace of Patterns {drain, +Blink Dex+2}
   (You found it on level 9 of the Dungeon)

   A truly terrible weapon, it drains the life of those it strikes.
   It affects your dexterity (+2).
   It lets you blink.
   Wu Jian disapproves of the use of such an item.
 w - a +1 whip of distortion
 A - a +4 great mace of speed
 C - a +3 long sword
 K - the +0 trident "Wuruck" {holy, MP+9 Str+2 Int-5, unknown}
   (You found it on level 8 of the Dungeon)

   It has been blessed by the Shining One to cause great damage to the undead
   and demons.
   It affects your strength (+2).
   It affects your intelligence (-5).
   It affects your magic capacity (+9).
Missiles
 d - 6 curare-tipped needles
 E - 179 poisoned tomahawks (quivered)
 F - 76 exploding tomahawks
Armour
 c - a +1 hat (worn)
 r - a +2 cloak (worn)
Jewellery
 h - a cursed +5 amulet of reflection (around neck)
 t - a cursed ring of attention
 v - a ring of protection from fire (left hand)
Wands
 m - a wand of digging (12)
 x - a wand of polymorph (20)
 z - a wand of clouds (4)
 D - a wand of acid (10)
Scrolls
 g - 3 scrolls of magic mapping
 i - a scroll of identify
 l - 2 scrolls of enchant armour
 o - a scroll of fog {unknown}
 u - a scroll of enchant weapon {unknown}
 y - 3 scrolls of remove curse {unknown}
 B - 2 scrolls of blinking {unknown}
 J - 3 scrolls of immolation {unknown}
 L - a scroll of teleportation {unknown}
 N - a scroll of brand weapon {unknown}
 P - a scroll of amnesia {unknown}
 Q - a scroll of noise {unknown}
Potions
 j - a potion of berserk rage
 n - a potion of invisibility
 p - 2 potions of flight {unknown}
 q - 6 potions of curing
 s - a potion of haste {unknown}
 G - a potion of degeneration {unknown}
 H - 2 potions of brilliance {unknown}
 I - a potion of mutation {unknown}
 M - a potion of agility {unknown}
Comestibles
 e - 12 rations {!d}


   Skills:
 - Level 1.1 Fighting
 * Level 19.1 Maces & Flails
 - Level 2.9 Dodging
 - Level 3.6 Stealth


You had 9 spell levels left.
You didn't know any spells.
Your spell library contained the following spells:

 Spells                   Type           Power        Failure   Level  Hunger
 Summon Small Mammal      Summ           #...         28%         1    None
 Call Imp                 Summ           #.....       41%         2    ####...
 Call Canine Familiar     Summ           #.......     65%         3    #####..
 Summon Ice Beast         Ice/Summ       #.......     96%         4    ######.
 Summon Lightning Spire   Summ/Air       #.......     100%        5    #######


Dungeon Overview and Level Annotations

Branches:
Dungeon (9/12)             Temple (1/1) D:5            Lair (0/6) D:9
    Orc (0/1) D:8

Altars:
Ashenzari
Cheibriados
Dithmenos
Elyvilon
Fedhas
Gozag
Hepliaklqana
Lugonu
Makhleb
Nemelex Xobeh
Okawaru
Qazlal
Ru
Sif Muna
Trog
Uskayaw
Vehumet
Wu Jian
Xom
Yredelemnul
Zin
The Shining One

Shops:
D:4 !*[   D:6 [   D:8 *

Portals:
Trove: D:9 (give 4 potions of resistance)

Annotations:
D:5 1 runed door, 2 transporters, Prince Ribbit; Wired's ghost, novice MiFi
D:9 Lazarus1551's ghost, novice OnIE


Innate Abilities, Weirdness & Mutations

You move and act slowly.
You can pass through walls and trees.
Your branches can wield two-handed weapons with a shield.
Your thick bark is tough. (AC +17)
You are too large for most types of armour.
You are immune to negative energy. (rN+++)
Your system is resistant to poisons. (rPois)
You have a slow metabolism.
You are immune to unholy pain and torment.
You can survive without breathing.


Message History

Lazarus1551's ghost is heavily damaged.
You sock the crimson imp!
You kill the crimson imp!
You bludgeon the shadow imp!!
You kill the shadow imp!
Lazarus1551's ghost casts a spell.
You closely miss Lazarus1551's ghost.
Lazarus1551's ghost is heavily damaged.
Lazarus1551's ghost gestures at you while chanting.
You are frozen.
You die...
Xom reaches out...
You are now level 10!
You rejoin the land of the living...
Unknown command.
There is an escape hatch in the floor here.
The crimson imp is too close now for your liking.
Char dumped successfully.
Okay, then.
Are you sure you want to abandon this character and quit the game? (Confirm with "yes".)

#################################
.................................
.......................<....####.
........##>.................# #.
#####...##..................# #.
........##..................####.
........##.....###....##.........
######..##......@................
.....#..##..#########5##.........
.....#..##..#.....##.W.###.......
.....#..##..#......#.5.# #....#..
.....#..##..#......#.≈.# #....#(.
.....#..##..#......#.≈.# #.......
.....#..##..#......#.$$# #.[.....
.....#..##..#.....########.....(.
.....#..##..#.....#..............


You could see a crimson imp.

Vanquished Creatures
  3 death yaks (D:9)
  A troll (D:7)
  A queen bee (D:9)
  A hippogriff (D:6)
  Sigmund (D:4)
  7 yaks (D:9)
  5 humans (D:6)
  Menkaure (D:4)
  4 wargs (D:8)
  Duvessa (D:7)
  A phantom (D:6)
  An ice beast (D:5)
  8 sky beasts
  2 black bears
  4 ogres
  4 bullfrogs
  A kobold brigand (D:9)
  A gnoll sergeant (D:7)
  Dowan (D:7)
  3 centaurs
  2 scorpions
  26 killer bees
  3 howler monkeys
  4 bullfrog zombies
  5 crimson imps
  3 hounds
  5 jellies
  A bullfrog skeleton (D:8)
  4 orc wizards
  Ijyb (D:4)
  2 iguanas
  3 worker ants
  A hound skeleton (D:5)
  10 gnolls
  8 adders
  3 shadow imps
  2 oozes
  An adder skeleton (D:6)
  5 worms
  7 dart slugs
  5 leopard geckos
  20 orcs
  4 giant cockroaches
  11 hobgoblins
  13 jackals
  14 kobolds
  2 quokkas
  2 ball pythons (D:2)
  3 bats
  4 frilled lizards
  5 goblins
  5 rats
235 creatures vanquished.

Notes
Turn   | Place    | Note
-------+----------+-------------------------------------------
     0 | D:1      | Leeroy the Ent Archaeologist began the quest for the Orb.
     0 | D:1      | Reached XP level 1. HP: 21/21 MP: 1/1
    95 | D:1      | Reached skill level 2 in Maces & Flails
    95 | D:1      | Reached XP level 2. HP: 28/29 MP: 2/2
   531 | D:1      | Reached skill level 3 in Maces & Flails
   666 | D:2      | Reached XP level 3. HP: 25/36 MP: 3/3
   798 | D:2      | Reached skill level 4 in Maces & Flails
   812 | D:2      | Reached XP level 4. HP: 26/44 MP: 4/4
  1044 | D:2      | Reached skill level 5 in Maces & Flails
  1818 | D:3      | Reached skill level 6 in Maces & Flails
  1818 | D:3      | Reached XP level 5. HP: 50/51 MP: 5/5
  1818 | D:3      | Identified a scroll of acquirement
  1829 | D:3      | Identified the +5 giant club of Income {crush, rPois rN+++
                  | MP-9 Dex-5} (You acquired it on level 3 of the Dungeon)
  1887 | D:3      | Found a shadowy altar of Dithmenos.
  1928 | D:3      | Reached skill level 7 in Maces & Flails
  1928 | D:3      | Reached XP level 6. HP: 43/60 MP: 0/6
  2036 | D:3      | Found a faded altar of an unknown god.
  2575 | D:4      | Found Barch's General Store.
  2597 | D:4      | Noticed a sky beast
  2614 | D:4      | Killed a sky beast
  2615 | D:4      | Reached skill level 8 in Maces & Flails
  2699 | D:4      | Found Houho's Distillery.
  2734 | D:4      | Noticed Menkaure
  2736 | D:4      | Killed Menkaure
  2737 | D:4      | Reached skill level 9 in Maces & Flails
  2737 | D:4      | Reached XP level 7. HP: 67/67 MP: 0/7
  2782 | D:4      | Noticed Sigmund
  2787 | D:4      | Killed Sigmund
  2880 | D:4      | Found Seneseh's Antique Armour Shop.
  2905 | D:4      | Reached skill level 10 in Maces & Flails
  2936 | D:4      | Noticed Ijyb
  2950 | D:4      | Killed Ijyb
  3314 | D:5      | Entered Level 5 of the Dungeon
  3336 | D:5      | Reached XP level 8. HP: 58/75 MP: 0/8
  3339 | D:5      | Reached skill level 11 in Maces & Flails
  3411 | D:5      | Found a staircase to the Ecumenical Temple.
  3424 | Temple   | Entered the Ecumenical Temple
  3640 | Temple   | Became a worshipper of the Wu Jian Council
  3747 | D:5      | Reached skill level 12 in Maces & Flails
  4081 | D:5      | Found a runed door.
  4232 | D:5      | Noticed Wired's ghost (novice MiFi)
  4437 | D:5      | Found a transporter.
  4441 | D:5      | Found a transporter.
  4441 | D:5      | Noticed a hornet
  4501 | D:5      | Noticed Prince Ribbit
  4505 | D:5      | Reached skill level 13 in Maces & Flails
  4696 | D:6      | Noticed a hippogriff
  4703 | D:6      | Killed a hippogriff
  4704 | D:6      | Reached XP level 9. HP: 68/82 MP: 0/9
  4864 | D:6      | Reached skill level 14 in Maces & Flails
  4868 | D:6      | Reached * piety under Wu Jian
  4992 | D:6      | Found Toipa's Antique Armour Shop.
  5017 | D:6      | Reached skill level 15 in Maces & Flails
  5326 | D:7      | Noticed a troll
  5338 | D:7      | Killed a troll
  5527 | D:7      | Noticed Duvessa
  5528 | D:7      | Noticed Dowan
  5535 | D:7      | Killed Duvessa
  5539 | D:7      | Killed Dowan
  5562 | D:7      | Reached skill level 16 in Maces & Flails
  5562 | D:7      | Reached XP level 10. HP: 91/91 MP: 1/10
  5614 | D:7      | Found a corrupted altar of Lugonu.
  5633 | D:7      | Found a shimmering blue altar of Sif Muna.
  5910 | D:7      | Reached ** piety under Wu Jian
  6194 | D:8      | Found a staircase to the Orcish Mines.
  6198 | D:8      | Reached skill level 17 in Maces & Flails
  6297 | D:8      | Found Gymuxa's Assorted Antiques.
  6409 | D:8      | Found a white marble altar of Elyvilon.
  6561 | D:8      | Got an iridescent trident
  6631 | D:8      | Identified the ring "Axuss" {Ice MP+9 Stlth+} (You acquired
                  | it on level 8 of the Dungeon)
  7016 | D:9      | Noticed a death yak
  7017 | D:9      | Found a staircase to the Lair.
  7018 | D:9      | Noticed a death yak
  7018 | D:9      | Noticed a death yak
  7023 | D:9      | Killed a death yak
  7029 | D:9      | Killed a death yak
  7030 | D:9      | Reached skill level 18 in Maces & Flails
  7038 | D:9      | Killed a death yak
  7043 | D:9      | Reached XP level 11. HP: 28/98 MP: 11/11
  7296 | D:9      | Reached *** piety under Wu Jian
  7306 | D:9      | HP: 1/98 [killer bee (7)]
  7545 | D:9      | Got an ichor-stained mace
  7571 | D:9      | Found a shattered altar of Ashenzari.
  7571 | D:9      | Found a shimmering altar of Xom.
  7610 | D:9      | Reached skill level 19 in Maces & Flails
  7611 | D:9      | Identified the +10 mace of Patterns {drain, +Blink Dex+2}
                  | (You found it on level 9 of the Dungeon)
  7669 | D:9      | Found a glowing golden altar of the Shining One.
  7766 | D:9      | Found a portal to a secret trove of treasure.
  7868 | D:9      | Found a runed translucent door.
  8171 | D:9      | Noticed Lazarus1551's ghost (novice OnIE)
  8226 | D:9      | Killed from afar by Lazarus1551's ghost
  8227 | D:9      | Reached XP level 10. HP: -1/91 MP: 1/1
  8251 | D:9      | Quit the game

Skill      XL: |  1  2  3  4  5  6  7  8  9 10 11 |
---------------+----------------------------------+-----
Maces & Flails | 2 3 4 6 7 9 10 13 16 18 19 | 19.1
Fighting       | |  1.1
Dodging        | |  2.9
Stealth        | |  3.6

Action                   |  1- 3 |  4- 6 |  7- 9 | 10-12 || total
-------------------------+-------+-------+-------+-------++-------
Melee: Whip              |   149 |   159 |       |       ||   308
       Giant club        |       |    89 |   190 |   271 ||   550
       Great mace        |       |       |       |    50 ||    50
Throw: Tomahawk          |       |       |       |     2 ||     2
Invok: Lunge             |       |       |     8 |    15 ||    23
       Whirlwind         |       |       |     4 |     4 ||     8
  Use: Scroll            |       |     1 |       |     9 ||    10
       Potion            |       |       |       |     3 ||     3
 Stab: Sleeping          |     2 |     6 |     2 |     1 ||    11
       Distracted        |       |       |     2 |       ||     2
  Eat: Chunk             |     3 |    12 |    11 |     9 ||    35
       Ration            |       |       |     1 |     1 ||     2
Armor: Skin              |   162 |   265 |   184 |   349 ||   960
Dodge: Dodged            |   176 |   308 |   133 |   260 ||   877
Block: Other             |       |       |       |    11 ||    11
       Reflection        |       |       |       |     1 ||     1
